Map: Orbital Shipyard

Players

Miszu

  • Race: Terran Terran
  • League: Master

Khyira - Winner!

  • Race: Terran Terran
  • League: Master

VOD

Have the link to the VOD?

Description

Time

  • Played on: March 18, 2016, 5:12 p.m.
  • Length: 12:39
Show
View Real Time Build Order
Export as new Build Order

Miszu Terran 

Build Orders: 1/1/1, Banshee Rush 

Get SALT Encoding   

  12  0:00  SCV  
  13  0:12  SCV  
  14  0:18  Supply Depot  
  14  0:25  SCV  
  15  0:39  SCV  
  16  0:44  Barracks  
  16  0:48  Refinery  
  16  0:51  SCV  
  16  0:52  Refinery  
  17  1:03  SCV  
  18  1:15  SCV  
  20  1:33  Factory  
  20  1:34  Orbital Command  
  20  1:36  Marine  
  20  1:43  Supply Depot  
  20  1:54  Marine  
  20  2:00  SCV  
  22  2:13  Marine  
  23  2:20  Starport, Factory Tech Lab  
  23  2:23  SCV  
  23  2:26  Supply Depot  
  24  2:31  Marine  
  24  2:35  SCV  
  26  2:47  SCV  
  26  2:48  Hellion  
  26  2:51  Supply Depot  
  29  2:53  Marine  
  30  2:59  SCV  
  30  3:02  Banshee  
  30  3:05  Cloaking Field  
  34  3:11  SCV  
  34  3:12  Barracks Reactor  
  35  3:14  Factory Tech Lab  
  35  3:23  SCV  
  36  3:35  SCV  
  36  3:38  Command Center  
  37  3:48  SCV, Banshee  
  39  3:56  Siege Tank  
  39  4:00  SCV  
  43  4:10  Supply Depot x2  
  43  4:12  SCV  
  43  4:16  Marine  
  43  4:17  Marine  
  46  4:24  SCV  
  47  4:35  Banshee  
  47  4:36  SCV  
  50  4:47  Marine x2  
  50  4:48  SCV  
  50  5:00  SCV  
  50  5:01  Command Center  
  50  5:13  Marine x2, Siege Tank  
  49  5:16  SCV  
  50  5:21  SCV  
  49  5:28  SCV  
  49  5:31  Marine  
  42  5:37  Viking  
  44  5:45  SCV  
  46  5:58  Orbital Command  
  46  5:59  Barracks, SCV  
  46  6:00  Barracks  
  46  6:02  Marine x2  
  48  6:11  SCV  
  48  6:13  Orbital Command  
  49  6:23  Marine x2, SCV  
  52  6:27  SCV  
  52  6:30  Starport Reactor  
  53  6:36  SCV  
  53  6:37  Refinery  
  53  6:38  Refinery  
  53  6:39  SCV  
  55  6:46  Engineering Bay, SCV  
  56  6:47  Engineering Bay  
  56  6:48  SCV  
  57  7:04  Marine x2  
  57  7:06  Barracks Tech Lab x2  
  57  7:07  SCV  
  60  7:11  Barracks  
  60  7:12  Siege Tank  
  60  7:13  Barracks, SCV x2  
  60  7:14  Terran Infantry Weapons Level 1, Terran Infantry Armor Level 1  
  62  7:20  Medivac x2  
  62  7:22  Marine x2  
  67  7:24  SCV  
  67  7:25  Marine  
  67  7:26  Stimpack  
  67  7:27  Combat Shields  
  67  7:29  SCV  
  71  7:30  SCV  
  71  7:32  Marine  
  73  7:40  Marine x2  
  73  7:42  Supply Depot x2  
  73  7:43  Marine  
  76  7:50  Marine  
  77  7:53  Missile Turret  
  77  7:54  Missile Turret  
  77  7:56  Missile Turret  
  77  7:58  Barracks Reactor, Marine x2  
  79  7:59  Missile Turret  
  79  8:00  Marine  
  79  8:01  Barracks Reactor, Missile Turret  
  79  8:07  Marine  
  79  8:12  SCV  
  77  8:15  Marine  
  70  8:30  SCV x3  
  70  8:32  Refinery, Marine  
  70  8:33  Marine x2  
  61  8:53  Marine  
  54  8:58  Marine x3  
  54  8:59  Marine x4, Medivac, Siege Tank  
  54  9:00  SCV  
  65  9:08  Orbital Command  
  65  9:09  SCV  
  66  9:11  Marine  
  66  9:12  SCV  
  66  9:16  Marine x3  
  70  9:17  Marine  
  70  9:18  Marine x3  
  70  9:21  SCV  
  75  9:24  SCV  
  75  9:28  Armory  
  76  9:33  SCV, Missile Turret  
  76  9:35  Missile Turret  
  76  9:37  SCV  
  76  9:38  Missile Turret  
  78  9:40  SCV  
  79  9:45  SCV  
  79  9:49  SCV  
  79  9:52  SCV  
  66  9:55  Marine  
  66  9:58  SCV  
  65  10:01  SCV  
  65  10:04  SCV  
  61  10:11  Marine  
  61  10:12  Marine x6  
  61  10:13  Marine  
  56  10:24  SCV x3  
  59  10:29  Marine x2  
  59  10:31  Marine x2  
  63  10:36  SCV x3  
  66  10:43  Medivac  
  66  10:48  SCV x3  
  71  10:51  Missile Turret  
  71  10:59  Missile Turret  
  71  11:00  SCV  
  72  11:04  Marine x2  
  72  11:05  Marine x3  
  72  11:09  Siege Tank  
  72  11:10  SCV  
  81  11:14  SCV  
  81  11:15  SCV  
  83  11:22  SCV  
  79  11:26  SCV  
  79  11:27  SCV  
  79  11:29  Marine  
  78  11:38  Missile Turret  
  78  11:40  Refinery  
  78  11:41  Sensor Tower, Missile Turret  
  78  11:42  Medivac  
  78  11:43  Medivac  
  81  11:48  Refinery  
  81  11:49  Marine x3  
  81  11:50  Marine  
  72  12:10  Marine  
  72  12:11  Marine x7  
Show
View Real Time Build Order
Export as new Build Order

Khyira Terran - Winner!

Build Orders: Liberator Opening, Bio Tank 

Get SALT Encoding   

  12  0:01  SCV  
  13  0:13  SCV  
  14  0:18  Supply Depot  
  14  0:25  SCV  
  15  0:39  Refinery, SCV  
  16  0:44  Barracks  
  16  0:52  SCV  
  17  1:02  Refinery  
  17  1:04  SCV  
  18  1:16  SCV  
  20  1:33  Reaper  
  20  1:34  Orbital Command  
  20  1:44  Factory  
  20  1:57  Supply Depot  
  20  2:01  SCV  
  20  2:05  Reaper  
  22  2:13  SCV  
  23  2:26  SCV  
  26  2:30  Starport, Hellion  
  26  2:37  Reaper  
  26  2:38  SCV  
  26  2:40  Supply Depot  
  28  2:50  SCV  
  31  2:51  Hellion  
  31  2:54  Liberator  
  31  3:00  Supply Depot  
  31  3:02  SCV  
  32  3:09  Reaper  
  36  3:14  Hellion, SCV  
  39  3:26  SCV  
  40  3:27  Engineering Bay  
  40  3:37  Factory Tech Lab  
  40  3:38  SCV  
  41  3:41  Barracks Reactor  
  41  3:50  SCV  
  41  3:53  Command Center  
  42  4:01  Missile Turret  
  42  4:05  Cyclone  
  45  4:10  SCV  
  46  4:22  Marine  
  47  4:27  Marine  
  46  4:40  Viking  
  46  4:43  Missile Turret  
  47  4:51  Supply Depot  
  47  4:57  Barracks  
  47  4:58  Missile Turret  
  47  5:00  Factory Tech Lab  
  47  5:12  SCV  
  49  5:14  Orbital Command  
  49  5:21  Refinery  
  46  5:23  Siege Tank  
  46  5:24  SCV  
  48  5:35  Marine x2, Terran Infantry Weapons Level 1  
  50  5:36  SCV  
  50  5:40  SCV  
  50  5:49  SCV  
  51  5:52  SCV  
  50  6:00  Marine x3  
  50  6:01  Starport Reactor, SCV, Stimpack  
  50  6:04  Barracks, SCV  
  54  6:08  Siege Tank  
  58  6:13  SCV  
  58  6:14  Supply Depot  
  58  6:16  SCV  
  58  6:17  Marine  
  58  6:18  Marine  
  59  6:23  Marine  
  60  6:26  SCV  
  60  6:28  SCV  
  62  6:37  Supply Depot, Marine x2  
  62  6:38  Medivac x2, SCV  
  69  6:41  Marine, Siege Tank, SCV  
  74  6:49  Supply Depot  
  74  6:50  SCV  
  74  6:52  Refinery  
  74  6:53  SCV  
  72  7:12  SCV  
  72  7:13  SCV  
  72  7:14  Supply Depot  
  72  7:15  Medivac x2  
  78  7:17  Barracks Reactor, Marine x2  
  78  7:18  Marine  
  81  7:24  SCV  
  81  7:25  SCV  
  81  7:26  Siege Tank  
  86  7:36  SCV  
  88  7:37  SCV  
  88  7:40  Command Center  
  88  7:45  Supply Depot x2  
  88  7:46  Marine x2, Terran Infantry Armor Level 1  
  88  7:47  Marine  
  88  7:49  SCV  
  92  7:53  SCV  
  92  7:55  Marine x2  
  95  7:59  Missile Turret  
  95  8:04  Marine x2  
  95  8:05  Marine  
  98  8:12  Siege Tank  
  101  8:13  Marine x2  
  101  8:25  Marine  
  101  8:26  Marine x2  
  98  8:31  Marine x2  
  92  8:41  Medivac x2  
  92  8:43  Marine x3  
  92  8:44  Siege Tank  
  98  8:49  Marine x2  
  98  8:52  SCV x2  
  98  8:53  Orbital Command  
  98  9:01  Marine x3  
  98  9:04  SCV  
  98  9:05  Engineering Bay, Armory  
  98  9:07  Marine x2  
  101  9:13  Medivac  
  101  9:14  Medivac  
  101  9:16  Siege Tank  
  108  9:19  Marine x3  
  108  9:21  Combat Shields  
  111  9:24  Marine x2, SCV  
  111  9:27  Barracks, SCV x2  
  111  9:28  Barracks  
  116  9:32  Refinery  
  116  9:36  Marine  
  116  9:37  Marine, SCV  
  97  9:57  Marine x2  
  97  9:58  Marine  
  100  10:06  Marine  
  101  10:11  Marine  
  101  10:13  Medivac, Siege Tank  
  101  10:14  Medivac  
  106  10:15  Marine x2  
  106  10:16  SCV  
  106  10:17  SCV  
  105  10:26  Marine x2  
  105  10:28  SCV  
  105  10:29  Marine, SCV x2  
  105  10:30  Sensor Tower  
  105  10:33  Marine x2  
  108  10:39  Barracks Reactor x2  
  108  10:43  Marine, Medivac  
  108  10:44  Marine, Medivac  
  108  10:45  Factory, Siege Tank  
  108  10:48  Refinery, Barracks  
  108  10:49  Barracks  
  117  11:00  Marine x3  
  117  11:01  Marine  
  117  11:02  Marine  
  122  11:08  SCV x2  
  122  11:09  Bunker  
  124  11:12  SCV, Missile Turret  
  124  11:13  Medivac  
  124  11:17  Siege Tank  
  124  11:18  Marine x3  
  132  11:21  Marine  
  132  11:23  Marine  
  133  11:27  Marine  
  133  11:28  Missile Turret  
  133  11:30  Missile Turret  
  133  11:31  SCV  
  133  11:33  Supply Depot, Missile Turret  
  133  11:34  Marine x3  
  133  11:35  Supply Depot, Marine x2  
  133  11:36  Supply Depot, Factory Tech Lab  
  133  11:37  Barracks Reactor x2  
  137  11:43  Marine  
  137  11:44  Marine x2  
  137  11:45  Marine  
  141  11:55  Siege Tank  
  130  12:08  Marine  
  130  12:09  Marine x8  
  130  12:13  Marine x4  
Tags
 
Add a new tag
Caveats
  • Supply blocks, unpowered buildings, or Contaminate may cause inaccurate times.
  • Supply counts are checked every 10 seconds.